 Dungeon Crawl Stone Soup version 0.27.1-4-g1640c2035a (webtiles) character file.

Game seed: 17043036369561795083

23 zeram the Sneak (level 2, -1/17 HPs)
             Began as an Octopode Ice Elementalist on Nov 13, 2021.
             Slain by a white imp (5 damage)
             ... summoned by Natasha
             ... on level 2 of the Dungeon.
             The game lasted 00:01:22 (1319 turns).

zeram the Sneak (Octopode Ice Elementalist)         Turns: 1319, Time: 00:01:24

Health: -1/17      AC:  1    Str:  7    XL:     2   Next: 95%
Magic:  5/5        EV: 13    Int: 17    God:
Gold:   42         SH:  0    Dex: 12    Spells: 4/5 levels left

rFire    . . .     SeeInvis .   a - +0 dagger
rCold    . . .     Faith    .   (no shield)
rNeg     . . .     Spirit   .   (helmet restricted)
rPois    .         Reflect  .   (no amulet)
rElec    .         Harm     .   (no ring)
rCorr    .         Rampage  .   (no ring)
Will     .....                  (no ring)
Stlth    ++++......             (no ring)
HPRegen  0.05/turn              (no ring)
MPRegen  0.09/turn              (no ring)
                                (no ring)
                                (no ring)

@: mighty
A: almost no armour, amphibious, 8 rings, camouflage 1, gelatinous body 1,
(nimble swimmer 1), tentacles
a: no special abilities


You were on level 2 of the Dungeon.
You visited 1 branch of the dungeon, and saw 2 of its levels.

You collected 42 gold pieces.

Inventory:

Hand Weapons
 a - a +0 dagger (weapon)
Jewellery
 c - a ring of fire
Scrolls
 d - 2 scrolls of teleportation
 e - a scroll of noise {unknown}
 g - a scroll of enchant armour {unknown}
Potions
 h - a potion of brilliance {unknown}


   Skills:
 + Level 0.2 Short Blades
 - Level 2.0 Dodging
 + Level 4.7 Stealth
 - Level 2.0 Spellcasting
 - Level 4.0 Ice Magic


You had 4 spell levels left.
You knew the following spells:

 Your Spells              Type           Power      Damage    Failure   Level
a - Freeze                Ice            60%        1d8       3%          1

Your spell library contained the following spells:

 Spells                   Type           Power      Damage    Failure   Level
 Frozen Ramparts          Ice            30%        1d5       11%         3
 Ozocubu's Armour         Ice            15%        N/A       11%         3
 Hailstorm                Conj/Ice       8%         3d4       63%         4


Dungeon Overview and Level Annotations

Branches:
Dungeon (2/15)

Altars:

Annotations:
D:2 Natasha


Innate Abilities, Weirdness & Mutations

You cannot wear most types of armour.
You are amphibious.
You can wear up to eight rings at the same time.
Your skin changes colour to match your surroundings (Stealth+).
Your rubbery body absorbs attacks. (AC +1, EV +1)
((You are camouflaged near water. (Stealth+)))
You have tentacles for arms and can constrict up to eight enemies at once.


Message History

Done exploring.
Done exploring.
Done exploring.
No target in view!
(D) Dungeon
Where to? (? - help)
You see here a rat corpse.
There is a stone staircase leading down here.
You climb downwards.
There is a stone staircase leading up here.
You open the door.
There is an open door here.
Found a stone staircase leading up.
Natasha, Servant of Life and Death comes into view.
Natasha hisses angrily.
Natasha drinks a potion.
Natasha suddenly seems more resistant.
Natasha is nearby!
Natasha is nearby!
Natasha is nearby!
Natasha mumbles some strange words.
Natasha wildly gestures.
Natasha shimmers violently.
Natasha casts a spell at you. The magic dart hits you! Natasha claws you.
* * * LOW HITPOINT WARNING * * *
You are too injured to fight recklessly!
It was a potion of might.
You feel very mighty all of a sudden. Natasha claws you but does no damage.
The white imp barely misses you.
It was a potion of curing.
You feel better. Natasha closely misses you.
The white imp hits you but does no damage.
You closely miss Natasha. You grab Natasha. You constrict Natasha.
Natasha claws you!
Ouch! That really hurt!
* * * LOW HITPOINT WARNING * * *
The white imp hits you.
* * * LOW HITPOINT WARNING * * *
The white imp freezes you.
You die...

### #.. #.#
####.#
##.##.#######.###
#........@5......
##.##.####h...###
#.##.# ....#
#.##.. ....#
#.##### #.### #.#
.# ####.# .# ##
#....# +# .#
#.####


You could see Natasha (resistant) and a white imp (summoned).

Vanquished Creatures
  2 bats (D:1)
  2 endoplasms (D:1)
  3 giant cockroaches (D:1)
  2 goblins (D:1)
  3 hobgoblins (D:1)
  A quokka (D:1)
  4 ball pythons (D:1)
  A frilled lizard (D:1)
  2 rats (D:1)
20 creatures vanquished.

Notes
Turn   | Place    | Note
-------+----------+-------------------------------------------
     0 | D:1      | zeram the Octopode Ice Elementalist began the quest for the
                  | Orb.
     0 | D:1      | Reached XP level 1. HP: 11/11 MP: 3/3
   325 | D:1      | Reached XP level 2. HP: 16/17 MP: 5/5
  1177 | D:1      | Found a faded altar of an unknown god.
  1312 | D:2      | Noticed Natasha
  1319 | D:2      | Slain by a white imp

Illustrated notes

Levels and vault maps discovered:
D:1:      roderic_crossed_star, layout_basic, hellmonk_ecumenical_altar_run_dry,
          st_stairs_12
D:2:      layout_loops_corners, minmay_heptomino_o4, uniq_natasha,
          uniq_crazy_yiuf_cottage

Skill      XL: |  1  2 |
---------------+-------+-----
Stealth        | 3 4 |  4.7
Short Blades   | |  0.2
Dodging        | |  2.0
Spellcasting   | |  2.0
Ice Magic      | |  4.0

Action                   || total
-------------------------++-------
Melee: Unarmed           ||    18
       Constrict         ||    12
       Tentacles         ||     9
       Dagger            ||    23
  Use: Scroll            ||     1
       Potion            ||     2
 Stab: Sleeping          ||     6
Armor: Skin              ||     2
Dodge: Dodged            ||    29
